AoeStats
← bobozius

Arena

507493849Analyzed
1v1 RM · 13d ago on Sep 18, 2026· 43m 18s· 2 players
Game mode
Random Map
Map size
Tiny (2 player)
Population
200
Speed
Normal
Resources
Standard
Victory
Conquest
Starting age
Dark Age
Ending age
Imperial Age
RankedLock teamsTeams togetherTeam positionsShared explorationLock speedFull tech treeHidden civsTurbo modeCheats
Victory
Defeat
🇩🇪 Vietnamese · Germany
514
+13
🇪🇸 Franks · Spain
452
-13
JuananGT
11:39 Feudal Age
9:55 Loom
14:15 Wheelbarrow
13:28 Double-Bit Axe
13:36 Stone Mining
13:37 Gold Mining
22:57 Castle Age
25:00 Bow Saw
25:08 Hand Cart
26:09 Husbandry
28:56 Gold Shaft Mining
36:43 Imperial Age
36:50 Cavalier
40:20 Paladin
40:47 Pikeman
41:28 Squires
41:13 Arson
bobozius
12:35 Feudal Age
13:02 Horse Collar
13:09 Double-Bit Axe
14:02 Wheelbarrow
18:54 Castle Age
18:34 Stone Mining
18:37 Gold Mining
19:54 Hand Cart
21:27 Bow Saw
23:32 Stone Shaft Mining
24:38 Padded Archer Armor
24:29 Fletching
24:17 Elite Skirmisher
25:45 Bodkin Arrow
26:12 Town Watch
26:39 Heavy Plow
27:35 Treadmill Crane
28:06 Fortified Wall
28:38 Town Patrol
30:01 Leather Archer Armor
31:46 Forging
31:37 Scale Mail Armor
31:43 Scale Barding Armor
31:36 Murder Holes
32:18 Husbandry
36:49 Imperial Age
37:26 Iron Casting
37:07 Chain Mail Armor
38:47 Chemistry
37:39 Elite Battle Elephant
39:46 Paper Money
39:52 Elite Rattan Archer
43:35 Chatras
Connection lost

Rejoining the realm…

Still unreachable

The connection could not be restored.

Session expired

The server has moved on; the page needs a fresh start.